[ PARTIDA AOE2 · #479819156 ]
UnrankedBúlgaros vs Malians
[ ANÁLISIS DE REPETICIÓN · EXTRAÍDO DE LA PARTIDA GRABADA ]
Feudal
10:51
Castillos
14:37
Imperial
29:21
| APM promedio | 50.5 |
| APM pico | 106 |
| eAPM promedio | 27.0 |
| Aldeanos / militares | 149 / 114 |
Foco
⚔️ 21.7% · 🌾 78.3%
Konnik ×90 · Scout Cavalry ×20 · Monk ×2 · Trebuchet (Packed) ×2
Feudal
10:52
Castillos
15:32
Imperial
—
| APM promedio | 27.6 |
| APM pico | 74 |
| eAPM promedio | 18.6 |
| Aldeanos / militares | 63 / 17 |
Foco
⚔️ 35.1% · 🌾 64.9%
Spearman ×9 · Monk ×6 · Battering Ram ×2
Feudal
11:22
Castillos
14:56
Imperial
29:01
| APM promedio | 39.6 |
| APM pico | 81 |
| eAPM promedio | 17.8 |
| Aldeanos / militares | 175 / 104 |
Foco
⚔️ 31.6% · 🌾 68.4%
Spearman ×52 · Hand Cannoneer ×45 · Bombard Cannon ×5 · Monk ×1 · Trebuchet (Packed) ×1
Feudal
10:59
Castillos
14:38
Imperial
29:43
| APM promedio | 25.8 |
| APM pico | 54 |
| eAPM promedio | 15.5 |
| Aldeanos / militares | 152 / 134 |
Foco
⚔️ 17.5% · 🌾 82.5%
Monaspa ×134
Feudal
12:45
Castillos
15:26
Imperial
36:48
| APM promedio | 47.9 |
| APM pico | 86 |
| eAPM promedio | 24.9 |
| Aldeanos / militares | 136 / 100 |
Foco
⚔️ 21.8% · 🌾 78.2%
Battle Elephant ×64 · Scout Cavalry ×27 · Battering Ram ×4 · Ballista Elephant ×3 · Petard ×2
Feudal
13:23
Castillos
17:27
Imperial
—
| APM promedio | 13.5 |
| APM pico | 70 |
| eAPM promedio | 6.3 |
| Aldeanos / militares | 58 / 0 |
Foco
⚔️ 7.6% · 🌾 92.4%
Feudal
10:18
Castillos
14:37
Imperial
—
| APM promedio | 28.1 |
| APM pico | 74 |
| eAPM promedio | 17.7 |
| Aldeanos / militares | 93 / 2 |
Foco
⚔️ 17.7% · 🌾 82.3%
Unknown (1968) ×64 · Unknown (1974) ×42 · Petard ×2
Feudal
12:03
Castillos
15:47
Imperial
29:20
| APM promedio | 26.5 |
| APM pico | 77 |
| eAPM promedio | 13.5 |
| Aldeanos / militares | 98 / 73 |
Foco
⚔️ 26.0% · 🌾 74.0%
Throwing Axeman ×71 · Trebuchet (Packed) ×2
Mapa de la partida
Recursos iniciales + cada clic de construcción. Líneas = muros · curvas = relieve. ◆ oro · ⬟ piedra · ● bayas · ✦ reliquia · ◌ hueco del cierre
Tu base· ✓ Cerrada en 14:37 · 0t muro · 3 puerta(s)
Base de Warcry· ✓ Cerrada en 15:32 · 0t muro · 3 puerta(s)
Base de Manco Polo· ✓ Cerrada en 14:56 · 0t muro · 2 puerta(s)
Base de i dont carryyy· ✓ Cerrada en 14:38 · 0t muro · 3 puerta(s)
Base de GuilleGodoy95· ✓ Cerrada en 15:26 · 0t muro · 3 puerta(s)
Base de << BJP IT CELL >>InderDace· ✓ Cerrada en 17:27 · 0t muro · 2 puerta(s)
Base de 连输九天· ✓ Cerrada en 14:37 · 0t muro · 2 puerta(s)
Base de mikejbe9· ✓ Cerrada en 15:47 · 0t muro · 2 puerta(s)
Terreno inicial suavizado · ◌ = hueco del cierre detectado · pasá el cursor para detalles
Inputs por minuto
— 千里冰河 - - Warcry
Build order — 千里冰河
Primeras 150 de 383 acciones detectadas
| 0:02 | Crear | Villager (Male) |
| 0:02 | Crear | Villager (Male) |
| 0:04 | Construir | House |
| 0:05 | Construir | House |
| 0:32 | Crear | Villager (Male) |
| 0:43 | Crear | Villager (Male) |
| 1:26 | Crear | Villager (Male) |
| 1:54 | Construir | Lumber Camp |
| 1:55 | Crear | Villager (Male) |
| 2:26 | Crear | Villager (Male) |
| 2:27 | Crear | Villager (Male) |
| 3:19 | Crear | Villager (Male) |
| 3:34 | Construir | House |
| 3:39 | Construir | House |
| 3:53 | Crear | Villager (Male) |
| 3:53 | Crear | Villager (Male) |
| 4:27 | Construir | Mill |
| 4:28 | Crear | Villager (Male) |
| 4:42 | Crear | Villager (Male) |
| 5:29 | Construir | House |
| 5:40 | Crear | Villager (Male) |
| 5:40 | Crear | Villager (Male) |
| 5:55 | Construir | Farm |
| 6:15 | Construir | Farm |
| 6:36 | Crear | Villager (Male) |
| 7:00 | Crear | Villager (Male) |
| 7:00 | Crear | Villager (Male) |
| 7:04 | Crear | Villager (Male) |
| 7:29 | Crear | Villager (Male) |
| 7:38 | Construir | House |
| 7:42 | Construir | House |
| 7:46 | Construir | House |
| 7:52 | Construir | House |
| 8:29 | Investigar | Feudal Age |
| 10:31 | Construir | House |
| 10:46 | Crear | Villager (Male) |
| 10:46 | Crear | Villager (Male) |
| 10:51 | Edad | Edad Feudal |
| 10:57 | Construir | Market |
| 11:01 | Construir | Blacksmith |
| 11:21 | Investigar | Double-Bit Axe |
| 11:57 | Investigar | Castle Age |
| 11:57 | Investigar | Castle Age |
| 12:09 | Construir | Lumber Camp |
| 12:35 | Investigar | Horse Collar |
| 13:11 | Construir | House |
| 14:37 | Edad | Edad de los Castillos |
| 14:40 | Construir | Town Center |
| 14:44 | Crear | Villager (Male) |
| 14:47 | Construir | Town Center |
| 14:56 | Construir | Farm |
| 15:00 | Construir | Farm |
| 15:04 | Investigar | Bow Saw |
| 15:08 | Construir | Monastery |
| 15:11 | Crear | Villager (Male) |
| 15:12 | Crear | Villager (Male) |
| 15:18 | Construir | House |
| 15:19 | Construir | House |
| 15:20 | Construir | House |
| 15:30 | Crear | Villager (Male) |
| 15:52 | Construir | Farm |
| 16:01 | Construir | House |
| 16:06 | Construir | Farm |
| 16:10 | Crear | Villager (Male) |
| 16:11 | Crear | Villager (Male) |
| 16:19 | Construir | Farm |
| 16:21 | Construir | Farm |
| 16:29 | Construir | Farm |
| 16:33 | Construir | Farm |
| 16:35 | Construir | Farm |
| 16:40 | Crear | Monk |
| 16:53 | Crear | Villager (Male) |
| 16:53 | Crear | Villager (Male) |
| 16:54 | Crear | Villager (Male) |
| 17:00 | Construir | Farm |
| 17:02 | Construir | Farm |
| 17:12 | Construir | Farm |
| 17:15 | Construir | Farm |
| 17:17 | Construir | Farm |
| 17:19 | Crear | Villager (Male) |
| 17:19 | Crear | Villager (Male) |
| 17:30 | Construir | Farm |
| 17:32 | Construir | Farm |
| 17:33 | Crear | Villager (Male) |
| 17:33 | Crear | Villager (Male) |
| 17:43 | Construir | Farm |
| 17:43 | Crear | Villager (Male) |
| 17:44 | Crear | Villager (Male) |
| 17:57 | Crear | Villager (Male) |
| 17:58 | Crear | Villager (Male) |
| 18:11 | Construir | Farm |
| 18:12 | Construir | Farm |
| 18:15 | Construir | Farm |
| 18:16 | Crear | Villager (Male) |
| 18:16 | Crear | Villager (Male) |
| 18:16 | Crear | Villager (Male) |
| 18:36 | Crear | Villager (Male) |
| 18:36 | Crear | Villager (Male) |
| 18:37 | Crear | Villager (Male) |
| 18:51 | Crear | Villager (Male) |
| 18:51 | Crear | Villager (Male) |
| 18:58 | Construir | Farm |
| 18:59 | Construir | Farm |
| 19:02 | Crear | Villager (Male) |
| 19:08 | Construir | Town Center |
| 19:13 | Construir | Farm |
| 19:17 | Crear | Villager (Male) |
| 19:19 | Crear | Villager (Male) |
| 19:24 | Crear | Villager (Male) |
| 19:24 | Crear | Villager (Male) |
| 19:36 | Construir | Farm |
| 19:42 | Crear | Villager (Male) |
| 19:47 | Crear | Villager (Male) |
| 19:52 | Construir | Farm |
| 19:54 | Crear | Villager (Male) |
| 20:01 | Crear | Villager (Male) |
| 20:08 | Construir | Farm |
| 20:11 | Construir | Farm |
| 20:12 | Crear | Villager (Male) |
| 20:12 | Crear | Villager (Male) |
| 20:13 | Crear | Villager (Male) |
| 20:21 | Crear | Villager (Male) |
| 20:25 | Construir | Farm |
| 20:25 | Construir | Farm |
| 20:26 | Construir | Farm |
| 20:26 | Construir | Farm |
| 20:27 | Construir | Farm |
| 20:29 | Crear | Villager (Male) |
| 20:52 | Crear | Villager (Male) |
| 20:52 | Crear | Villager (Male) |
| 20:52 | Crear | Villager (Male) |
| 20:58 | Construir | Farm |
| 21:03 | Construir | Farm |
| 21:04 | Construir | Farm |
| 21:04 | Construir | Farm |
| 21:05 | Crear | Villager (Male) |
| 21:05 | Crear | Villager (Male) |
| 21:14 | Crear | Monk |
| 21:24 | Crear | Villager (Male) |
| 21:24 | Crear | Villager (Male) |
| 21:24 | Crear | Villager (Male) |
| 21:25 | Crear | Villager (Male) |
| 21:25 | Crear | Villager (Male) |
| 21:31 | Construir | House |
| 21:32 | Construir | House |
| 21:32 | Construir | House |
| 21:33 | Construir | House |
| 21:33 | Construir | House |
| 21:36 | Construir | Farm |
| 21:36 | Crear | Villager (Male) |
Build order — Warcry
139 acciones detectadas en el replay
| 0:01 | Crear | Villager (Male) |
| 0:02 | Crear | Villager (Male) |
| 0:02 | Crear | Villager (Male) |
| 0:02 | Crear | Villager (Male) |
| 0:03 | Construir | House |
| 0:05 | Construir | House |
| 1:33 | Crear | Villager (Male) |
| 1:33 | Crear | Villager (Male) |
| 1:54 | Crear | Villager (Male) |
| 1:54 | Crear | Villager (Male) |
| 2:55 | Crear | Villager (Male) |
| 2:56 | Crear | Villager (Male) |
| 3:10 | Crear | Villager (Male) |
| 3:11 | Crear | Villager (Male) |
| 3:11 | Crear | Villager (Male) |
| 3:23 | Crear | Villager (Male) |
| 3:23 | Crear | Villager (Male) |
| 3:28 | Construir | Lumber Camp |
| 4:10 | Crear | Villager (Male) |
| 4:54 | Crear | Villager (Male) |
| 4:54 | Crear | Villager (Male) |
| 5:09 | Construir | House |
| 5:12 | Construir | House |
| 5:22 | Investigar | Loom |
| 5:38 | Crear | Villager (Male) |
| 5:39 | Crear | Villager (Male) |
| 6:09 | Crear | Villager (Male) |
| 6:10 | Crear | Villager (Male) |
| 6:22 | Crear | Villager (Male) |
| 6:46 | Construir | Mill |
| 7:13 | Crear | Villager (Male) |
| 7:53 | Crear | Villager (Male) |
| 8:05 | Crear | Villager (Male) |
| 8:20 | Crear | Villager (Male) |
| 8:27 | Investigar | Feudal Age |
| 8:42 | Construir | Mining Camp |
| 9:14 | Construir | Farm |
| 9:18 | Construir | Farm |
| 9:42 | Construir | House |
| 10:20 | Construir | Farm |
| 10:40 | Crear | Villager (Male) |
| 10:40 | Crear | Villager (Male) |
| 10:52 | Edad | Edad Feudal |
| 11:07 | Construir | Market |
| 11:12 | Construir | Blacksmith |
| 11:26 | Construir | Mining Camp |
| 11:45 | Crear | Villager (Male) |
| 12:52 | Investigar | Castle Age |
| 12:52 | Investigar | Castle Age |
| 13:36 | Investigar | Double-Bit Axe |
| 13:36 | Investigar | Double-Bit Axe |
| 14:46 | Crear | Villager (Male) |
| 14:46 | Crear | Villager (Male) |
| 14:52 | Construir | House |
| 15:32 | Edad | Edad de los Castillos |
| 15:35 | Construir | Castle |
| 16:02 | Crear | Villager (Male) |
| 16:12 | Investigar | Fletching |
| 17:12 | Crear | Villager (Male) |
| 17:12 | Crear | Villager (Male) |
| 17:37 | Construir | Siege Workshop |
| 17:38 | Crear | Villager (Male) |
| 17:41 | Construir | Town Center |
| 17:43 | Crear | Villager (Male) |
| 17:43 | Crear | Villager (Male) |
| 17:45 | Construir | Farm |
| 18:22 | Investigar | Bodkin Arrow |
| 18:45 | Construir | Farm |
| 18:57 | Crear | Villager (Male) |
| 18:57 | Crear | Villager (Male) |
| 19:35 | Investigar | Horse Collar |
| 19:42 | Crear | Villager (Male) |
| 19:42 | Crear | Villager (Male) |
| 19:42 | Crear | Villager (Male) |
| 19:43 | Crear | Villager (Male) |
| 20:04 | Construir | Mining Camp |
| 20:20 | Construir | Farm |
| 20:23 | Construir | Farm |
| 20:33 | Crear | Battering Ram |
| 20:33 | Crear | Battering Ram |
| 21:20 | Crear | Villager (Male) |
| 21:24 | Construir | Farm |
| 21:34 | Crear | Villager (Male) |
| 21:40 | Construir | Farm |
| 21:42 | Construir | Farm |
| 21:44 | Crear | Villager (Male) |
| 21:44 | Crear | Villager (Male) |
| 21:44 | Crear | Villager (Male) |
| 22:11 | Crear | Villager (Male) |
| 22:11 | Crear | Villager (Male) |
| 22:14 | Construir | Farm |
| 22:19 | Construir | Farm |
| 22:34 | Construir | Farm |
| 22:37 | Construir | Farm |
| 22:39 | Crear | Villager (Male) |
| 22:40 | Crear | Villager (Male) |
| 22:40 | Crear | Villager (Male) |
| 22:43 | Construir | Farm |
| 22:49 | Construir | Farm |
| 22:56 | Construir | Farm |
| 23:19 | Construir | Lumber Camp |
| 23:22 | Crear | Villager (Male) |
| 23:23 | Crear | Villager (Male) |
| 23:39 | Construir | House |
| 23:46 | Construir | Stone Wall |
| 24:28 | Construir | Barracks |
| 24:43 | Construir | Monastery |
| 25:08 | Crear | Villager (Male) |
| 25:08 | Crear | Villager (Male) |
| 25:10 | Crear | Villager (Male) |
| 25:25 | Crear | Monk |
| 25:25 | Crear | Monk |
| 25:42 | Crear | Villager (Male) |
| 25:48 | Construir | Farm |
| 26:13 | Investigar | Bow Saw |
| 26:29 | Construir | Farm |
| 26:33 | Investigar | Pikeman (upgrade) |
| 26:34 | Investigar | Squires |
| 26:41 | Crear | Villager (Male) |
| 26:51 | Construir | House |
| 26:51 | Construir | House |
| 26:51 | Construir | House |
| 26:52 | Construir | House |
| 27:46 | Construir | Castle |
| 28:12 | Crear | Monk |
| 28:12 | Crear | Monk |
| 29:55 | Crear | Monk |
| 29:56 | Crear | Monk |
| 29:58 | Crear | Spearman |
| 29:58 | Crear | Spearman |
| 29:58 | Crear | Spearman |
| 30:04 | Crear | Villager (Male) |
| 30:04 | Crear | Villager (Male) |
| 31:20 | Crear | Spearman |
| 31:20 | Crear | Spearman |
| 31:20 | Crear | Spearman |
| 31:21 | Crear | Spearman |
| 31:21 | Crear | Spearman |
| 31:21 | Crear | Spearman |
Build order — Manco Polo
Primeras 150 de 435 acciones detectadas
| 0:01 | Crear | Villager (Male) |
| 0:01 | Crear | Villager (Male) |
| 0:02 | Crear | Villager (Male) |
| 0:02 | Crear | Villager (Male) |
| 0:03 | Construir | House |
| 0:05 | Construir | House |
| 1:26 | Crear | Villager (Male) |
| 1:50 | Construir | Lumber Camp |
| 1:54 | Crear | Villager (Male) |
| 2:22 | Crear | Villager (Male) |
| 2:22 | Crear | Villager (Male) |
| 2:57 | Crear | Villager (Male) |
| 2:57 | Crear | Villager (Male) |
| 2:57 | Crear | Villager (Male) |
| 3:28 | Construir | House |
| 3:47 | Crear | Villager (Male) |
| 3:47 | Crear | Villager (Male) |
| 3:47 | Crear | Villager (Male) |
| 3:58 | Construir | House |
| 4:01 | Crear | Villager (Male) |
| 4:01 | Crear | Villager (Male) |
| 4:15 | Construir | Mill |
| 4:17 | Construir | House |
| 4:52 | Crear | Villager (Male) |
| 4:52 | Crear | Villager (Male) |
| 5:09 | Crear | Villager (Male) |
| 5:32 | Crear | Villager (Male) |
| 5:32 | Crear | Villager (Male) |
| 5:32 | Crear | Villager (Male) |
| 5:34 | Crear | Villager (Male) |
| 5:34 | Crear | Villager (Male) |
| 5:57 | Construir | Lumber Camp |
| 6:06 | Crear | Villager (Male) |
| 6:07 | Crear | Villager (Male) |
| 6:23 | Crear | Villager (Male) |
| 6:32 | Crear | Villager (Male) |
| 6:47 | Crear | Villager (Male) |
| 6:47 | Crear | Villager (Male) |
| 7:07 | Crear | Villager (Male) |
| 7:37 | Construir | Mining Camp |
| 8:31 | Construir | Farm |
| 8:38 | Construir | Farm |
| 8:41 | Construir | Farm |
| 8:47 | Investigar | Feudal Age |
| 8:59 | Construir | Farm |
| 9:50 | Construir | Farm |
| 10:48 | Construir | House |
| 11:16 | Crear | Villager (Male) |
| 11:16 | Crear | Villager (Male) |
| 11:22 | Edad | Edad Feudal |
| 11:25 | Construir | Market |
| 11:29 | Construir | Blacksmith |
| 12:16 | Investigar | Castle Age |
| 12:22 | Construir | Farm |
| 12:25 | Construir | Farm |
| 12:39 | Investigar | Double-Bit Axe |
| 13:02 | Investigar | Horse Collar |
| 13:47 | Investigar | Wheelbarrow |
| 14:56 | Edad | Edad de los Castillos |
| 15:00 | Construir | Town Center |
| 15:13 | Construir | Town Center |
| 15:36 | Construir | Town Center |
| 16:00 | Crear | Villager (Male) |
| 16:12 | Crear | Villager (Male) |
| 16:34 | Crear | Villager (Male) |
| 16:43 | Crear | Villager (Male) |
| 16:49 | Crear | Villager (Male) |
| 16:55 | Construir | Monastery |
| 16:58 | Construir | House |
| 17:00 | Crear | Villager (Male) |
| 17:01 | Crear | Villager (Male) |
| 17:02 | Crear | Villager (Male) |
| 17:03 | Crear | Villager (Male) |
| 17:03 | Crear | Villager (Male) |
| 17:04 | Crear | Villager (Male) |
| 17:04 | Crear | Villager (Male) |
| 17:05 | Crear | Villager (Male) |
| 17:08 | Construir | Farm |
| 17:12 | Crear | Villager (Male) |
| 17:12 | Crear | Villager (Male) |
| 17:18 | Construir | Farm |
| 17:21 | Construir | Farm |
| 17:24 | Construir | Farm |
| 17:42 | Crear | Villager (Male) |
| 17:50 | Construir | Farm |
| 17:53 | Construir | Farm |
| 18:01 | Crear | Monk |
| 18:05 | Crear | Villager (Male) |
| 18:06 | Crear | Villager (Male) |
| 18:09 | Construir | House |
| 18:11 | Construir | House |
| 18:11 | Crear | Villager (Male) |
| 18:12 | Crear | Villager (Male) |
| 18:20 | Crear | Villager (Male) |
| 18:20 | Crear | Villager (Male) |
| 18:35 | Construir | Farm |
| 18:40 | Crear | Villager (Male) |
| 18:40 | Crear | Villager (Male) |
| 18:44 | Construir | Farm |
| 18:48 | Investigar | Fervor |
| 18:48 | Crear | Villager (Male) |
| 18:49 | Crear | Villager (Male) |
| 18:51 | Construir | House |
| 18:52 | Crear | Villager (Male) |
| 18:54 | Construir | House |
| 19:10 | Crear | Villager (Male) |
| 19:17 | Construir | Farm |
| 19:21 | Construir | Farm |
| 19:23 | Construir | Farm |
| 19:23 | Crear | Villager (Male) |
| 19:27 | Crear | Villager (Male) |
| 19:29 | Construir | House |
| 19:31 | Construir | House |
| 19:32 | Construir | House |
| 19:36 | Crear | Villager (Male) |
| 19:36 | Crear | Villager (Male) |
| 19:39 | Crear | Villager (Male) |
| 19:40 | Crear | Villager (Male) |
| 19:46 | Crear | Villager (Male) |
| 19:47 | Crear | Villager (Male) |
| 19:53 | Crear | Villager (Male) |
| 19:59 | Crear | Villager (Male) |
| 20:12 | Crear | Villager (Male) |
| 20:13 | Crear | Villager (Male) |
| 20:17 | Construir | House |
| 20:18 | Construir | House |
| 20:19 | Construir | House |
| 20:20 | Crear | Villager (Male) |
| 20:20 | Crear | Villager (Male) |
| 20:22 | Crear | Villager (Male) |
| 20:22 | Crear | Villager (Male) |
| 20:27 | Construir | Farm |
| 20:30 | Construir | Farm |
| 20:33 | Construir | Farm |
| 20:33 | Crear | Villager (Male) |
| 20:41 | Construir | Mining Camp |
| 20:42 | Crear | Villager (Male) |
| 20:47 | Crear | Villager (Male) |
| 20:47 | Crear | Villager (Male) |
| 20:56 | Crear | Villager (Male) |
| 21:00 | Crear | Villager (Male) |
| 21:00 | Crear | Villager (Male) |
| 21:04 | Crear | Villager (Male) |
| 21:06 | Construir | House |
| 21:07 | Construir | House |
| 21:15 | Construir | House |
| 21:16 | Crear | Villager (Male) |
| 21:16 | Crear | Villager (Male) |
| 21:23 | Construir | Farm |
| 21:25 | Construir | Farm |
Build order — i dont carryyy
Primeras 150 de 317 acciones detectadas
| 0:01 | Crear | Villager (Male) |
| 0:01 | Crear | Villager (Male) |
| 0:02 | Crear | Villager (Male) |
| 0:02 | Crear | Villager (Male) |
| 0:03 | Construir | House |
| 0:05 | Construir | House |
| 1:34 | Crear | Villager (Male) |
| 1:35 | Crear | Villager (Male) |
| 2:00 | Crear | Villager (Male) |
| 2:01 | Crear | Villager (Male) |
| 2:01 | Crear | Villager (Male) |
| 2:35 | Crear | Villager (Male) |
| 3:10 | Crear | Villager (Male) |
| 3:25 | Construir | House |
| 3:31 | Crear | Villager (Male) |
| 4:08 | Construir | Mill |
| 4:09 | Crear | Villager (Male) |
| 4:09 | Crear | Villager (Male) |
| 4:26 | Crear | Villager (Male) |
| 4:57 | Crear | Villager (Male) |
| 5:16 | Crear | Villager (Male) |
| 5:17 | Crear | Villager (Male) |
| 5:40 | Crear | Villager (Male) |
| 5:57 | Construir | House |
| 6:37 | Crear | Villager (Male) |
| 6:37 | Crear | Villager (Male) |
| 7:11 | Crear | Villager (Male) |
| 7:40 | Crear | Villager (Male) |
| 8:02 | Construir | Mule Cart |
| 8:13 | Crear | Villager (Male) |
| 8:32 | Crear | Villager (Male) |
| 8:49 | Investigar | Feudal Age |
| 8:56 | Crear | Villager (Male) |
| 8:56 | Crear | Villager (Male) |
| 10:29 | Construir | House |
| 10:59 | Edad | Edad Feudal |
| 11:00 | Construir | Farm |
| 11:00 | Construir | Farm |
| 11:00 | Construir | Farm |
| 11:06 | Construir | Market |
| 11:08 | Construir | Blacksmith |
| 11:58 | Investigar | Castle Age |
| 13:02 | Investigar | Double-Bit Axe |
| 13:04 | Investigar | Horse Collar |
| 13:15 | Construir | Farm |
| 13:15 | Construir | Farm |
| 13:19 | Construir | Farm |
| 13:22 | Construir | Farm |
| 13:45 | Crear | Villager (Male) |
| 13:45 | Crear | Villager (Male) |
| 14:02 | Construir | House |
| 14:38 | Edad | Edad de los Castillos |
| 14:40 | Construir | Town Center |
| 14:45 | Crear | Villager (Male) |
| 14:55 | Construir | Farm |
| 15:00 | Construir | House |
| 15:15 | Construir | Farm |
| 15:16 | Construir | Farm |
| 15:18 | Construir | Farm |
| 15:30 | Construir | House |
| 15:42 | Crear | Villager (Male) |
| 16:03 | Construir | House |
| 16:17 | Construir | Town Center |
| 16:23 | Crear | Villager (Male) |
| 16:23 | Crear | Villager (Male) |
| 16:29 | Crear | Villager (Male) |
| 16:30 | Crear | Villager (Male) |
| 16:39 | Construir | House |
| 17:07 | Construir | Farm |
| 17:11 | Construir | House |
| 17:31 | Crear | Villager (Male) |
| 17:32 | Crear | Villager (Male) |
| 17:32 | Crear | Villager (Male) |
| 17:32 | Crear | Villager (Male) |
| 17:46 | Construir | House |
| 17:49 | Crear | Villager (Male) |
| 17:49 | Crear | Villager (Male) |
| 17:58 | Construir | Farm |
| 17:58 | Construir | Farm |
| 18:01 | Crear | Villager (Male) |
| 18:01 | Crear | Villager (Male) |
| 18:02 | Crear | Villager (Male) |
| 18:10 | Crear | Villager (Male) |
| 18:18 | Construir | Farm |
| 18:38 | Investigar | Bow Saw |
| 18:41 | Construir | House |
| 18:45 | Crear | Villager (Male) |
| 18:50 | Construir | Farm |
| 18:50 | Construir | Farm |
| 19:03 | Crear | Villager (Male) |
| 19:03 | Crear | Villager (Male) |
| 19:12 | Construir | Farm |
| 19:12 | Construir | Farm |
| 19:12 | Construir | Farm |
| 19:18 | Construir | Farm |
| 19:18 | Construir | Farm |
| 19:41 | Construir | Town Center |
| 19:52 | Crear | Villager (Male) |
| 19:52 | Crear | Villager (Male) |
| 19:53 | Crear | Villager (Male) |
| 19:53 | Crear | Villager (Male) |
| 19:53 | Crear | Villager (Male) |
| 19:53 | Crear | Villager (Male) |
| 19:57 | Construir | House |
| 20:17 | Investigar | Wheelbarrow |
| 20:26 | Construir | Farm |
| 20:26 | Construir | Farm |
| 20:32 | Construir | Farm |
| 20:35 | Construir | Farm |
| 20:39 | Construir | Farm |
| 20:49 | Crear | Villager (Male) |
| 20:49 | Crear | Villager (Male) |
| 20:50 | Crear | Villager (Male) |
| 20:50 | Crear | Villager (Male) |
| 20:50 | Crear | Villager (Male) |
| 20:50 | Crear | Villager (Male) |
| 20:54 | Construir | House |
| 20:55 | Construir | House |
| 21:22 | Construir | Farm |
| 21:23 | Construir | Farm |
| 21:24 | Construir | Farm |
| 21:26 | Construir | Farm |
| 21:36 | Crear | Villager (Male) |
| 21:37 | Crear | Villager (Male) |
| 21:37 | Crear | Villager (Male) |
| 21:42 | Construir | Farm |
| 21:43 | Construir | Farm |
| 21:52 | Construir | Farm |
| 21:52 | Construir | Farm |
| 21:52 | Construir | Farm |
| 21:58 | Construir | Farm |
| 22:08 | Construir | House |
| 22:13 | Construir | Farm |
| 22:16 | Crear | Villager (Male) |
| 22:16 | Crear | Villager (Male) |
| 22:17 | Crear | Villager (Male) |
| 22:17 | Crear | Villager (Male) |
| 22:17 | Crear | Villager (Male) |
| 22:17 | Crear | Villager (Male) |
| 22:18 | Crear | Villager (Male) |
| 22:19 | Crear | Villager (Male) |
| 22:20 | Crear | Villager (Male) |
| 22:26 | Construir | Farm |
| 22:37 | Construir | Mill |
| 22:43 | Construir | Farm |
| 22:44 | Construir | Farm |
| 22:44 | Construir | Farm |
| 22:44 | Construir | Farm |
| 22:48 | Construir | Farm |
| 22:54 | Construir | Farm |
Build order — GuilleGodoy95
Primeras 150 de 364 acciones detectadas
| 0:03 | Crear | Villager (Male) |
| 0:04 | Crear | Villager (Male) |
| 0:04 | Crear | Villager (Male) |
| 0:05 | Construir | House |
| 0:06 | Construir | House |
| 0:14 | Crear | Villager (Male) |
| 1:31 | Crear | Villager (Male) |
| 1:31 | Crear | Villager (Male) |
| 2:00 | Construir | Lumber Camp |
| 2:13 | Crear | Villager (Male) |
| 2:14 | Crear | Villager (Male) |
| 2:42 | Crear | Villager (Male) |
| 2:42 | Crear | Villager (Male) |
| 3:30 | Crear | Villager (Male) |
| 3:31 | Crear | Villager (Male) |
| 3:34 | Construir | House |
| 3:40 | Crear | Villager (Male) |
| 3:40 | Crear | Villager (Male) |
| 3:40 | Crear | Villager (Male) |
| 4:05 | Construir | House |
| 4:19 | Crear | Villager (Male) |
| 4:19 | Crear | Villager (Male) |
| 4:27 | Construir | House |
| 4:29 | Construir | House |
| 4:43 | Crear | Villager (Male) |
| 4:43 | Crear | Villager (Male) |
| 4:50 | Crear | Villager (Male) |
| 4:50 | Crear | Villager (Male) |
| 4:55 | Construir | Mill |
| 5:21 | Crear | Villager (Male) |
| 5:21 | Crear | Villager (Male) |
| 5:21 | Crear | Villager (Male) |
| 5:48 | Construir | Mining Camp |
| 6:16 | Crear | Villager (Male) |
| 6:43 | Crear | Villager (Male) |
| 7:19 | Crear | Villager (Male) |
| 7:45 | Crear | Villager (Male) |
| 8:13 | Crear | Villager (Male) |
| 8:14 | Crear | Villager (Male) |
| 8:17 | Construir | Mining Camp |
| 8:20 | Crear | Villager (Male) |
| 8:41 | Crear | Villager (Male) |
| 9:12 | Crear | Villager (Male) |
| 9:50 | Crear | Villager (Male) |
| 10:10 | Investigar | Feudal Age |
| 10:11 | Investigar | Feudal Age |
| 10:48 | Construir | Farm |
| 10:52 | Construir | Farm |
| 10:59 | Construir | Farm |
| 11:00 | Construir | Farm |
| 12:25 | Construir | Farm |
| 12:45 | Edad | Edad Feudal |
| 12:46 | Investigar | Castle Age |
| 12:47 | Investigar | Castle Age |
| 14:09 | Construir | Lumber Camp |
| 14:11 | Investigar | Double-Bit Axe |
| 14:11 | Investigar | Double-Bit Axe |
| 15:23 | Crear | Villager (Male) |
| 15:26 | Edad | Edad de los Castillos |
| 15:29 | Construir | Town Center |
| 15:31 | Crear | Villager (Male) |
| 15:43 | Construir | Stable |
| 15:46 | Investigar | Loom |
| 15:46 | Investigar | Loom |
| 15:46 | Investigar | Loom |
| 16:40 | Crear | Villager (Male) |
| 16:40 | Crear | Villager (Male) |
| 16:49 | Construir | Farm |
| 16:49 | Construir | Farm |
| 16:49 | Construir | Farm |
| 16:49 | Construir | Farm |
| 16:50 | Construir | Farm |
| 16:50 | Construir | Farm |
| 16:53 | Investigar | Horse Collar |
| 16:53 | Investigar | Horse Collar |
| 16:57 | Investigar | Bow Saw |
| 16:57 | Investigar | Bow Saw |
| 16:57 | Investigar | Bow Saw |
| 17:00 | Crear | Villager (Male) |
| 17:06 | Crear | Villager (Male) |
| 17:06 | Crear | Villager (Male) |
| 17:06 | Crear | Villager (Male) |
| 17:07 | Crear | Villager (Male) |
| 17:15 | Construir | Town Center |
| 17:46 | Construir | Castle |
| 17:47 | Crear | Villager (Male) |
| 17:47 | Crear | Villager (Male) |
| 17:48 | Crear | Villager (Male) |
| 17:51 | Construir | Farm |
| 17:51 | Construir | Farm |
| 18:01 | Construir | Farm |
| 18:03 | Construir | Farm |
| 18:07 | Construir | Farm |
| 18:09 | Crear | Villager (Male) |
| 18:09 | Crear | Villager (Male) |
| 18:28 | Crear | Villager (Male) |
| 18:30 | Construir | Farm |
| 18:31 | Crear | Villager (Male) |
| 18:32 | Crear | Villager (Male) |
| 18:38 | Crear | Villager (Male) |
| 18:38 | Crear | Villager (Male) |
| 18:41 | Construir | Farm |
| 18:52 | Construir | Farm |
| 18:53 | Crear | Villager (Male) |
| 18:54 | Crear | Villager (Male) |
| 19:07 | Crear | Villager (Male) |
| 19:07 | Crear | Villager (Male) |
| 19:07 | Crear | Villager (Male) |
| 19:14 | Construir | Farm |
| 19:15 | Construir | Farm |
| 19:21 | Crear | Villager (Male) |
| 19:21 | Crear | Villager (Male) |
| 19:25 | Crear | Villager (Male) |
| 19:52 | Crear | Villager (Male) |
| 19:52 | Crear | Villager (Male) |
| 19:52 | Crear | Villager (Male) |
| 20:03 | Construir | Mining Camp |
| 20:08 | Crear | Ballista Elephant |
| 20:13 | Crear | Villager (Male) |
| 20:14 | Crear | Villager (Male) |
| 20:17 | Construir | Farm |
| 20:18 | Crear | Villager (Male) |
| 20:18 | Crear | Villager (Male) |
| 20:24 | Crear | Villager (Male) |
| 20:49 | Crear | Villager (Male) |
| 20:50 | Crear | Villager (Male) |
| 20:50 | Crear | Villager (Male) |
| 20:51 | Crear | Villager (Male) |
| 20:51 | Crear | Villager (Male) |
| 21:09 | Crear | Villager (Male) |
| 21:09 | Crear | Villager (Male) |
| 21:09 | Crear | Villager (Male) |
| 21:29 | Construir | Siege Workshop |
| 21:43 | Crear | Battle Elephant |
| 21:43 | Crear | Battle Elephant |
| 21:59 | Crear | Battle Elephant |
| 21:59 | Crear | Battle Elephant |
| 22:13 | Crear | Villager (Male) |
| 22:14 | Crear | Villager (Male) |
| 22:21 | Construir | Blacksmith |
| 22:22 | Crear | Villager (Male) |
| 22:22 | Crear | Villager (Male) |
| 22:23 | Crear | Villager (Male) |
| 22:31 | Crear | Battle Elephant |
| 22:31 | Crear | Battle Elephant |
| 23:17 | Crear | Scout Cavalry |
| 23:21 | Construir | House |
| 23:21 | Construir | House |
| 23:21 | Construir | House |
| 23:22 | Construir | House |
Build order — << BJP IT CELL >>InderDace
95 acciones detectadas en el replay
| 0:03 | Construir | House |
| 0:05 | Construir | House |
| 0:27 | Crear | Villager (Male) |
| 0:27 | Crear | Villager (Male) |
| 0:28 | Crear | Villager (Male) |
| 0:28 | Crear | Villager (Male) |
| 1:43 | Crear | Villager (Male) |
| 1:43 | Crear | Villager (Male) |
| 1:43 | Crear | Villager (Male) |
| 2:16 | Construir | Lumber Camp |
| 2:17 | Crear | Villager (Male) |
| 2:17 | Crear | Villager (Male) |
| 2:17 | Crear | Villager (Male) |
| 2:44 | Crear | Villager (Male) |
| 2:44 | Crear | Villager (Male) |
| 3:14 | Crear | Villager (Male) |
| 3:15 | Crear | Villager (Male) |
| 3:15 | Crear | Villager (Male) |
| 3:22 | Crear | Villager (Male) |
| 3:22 | Crear | Villager (Male) |
| 3:22 | Crear | Villager (Male) |
| 4:01 | Crear | Villager (Male) |
| 4:02 | Crear | Villager (Male) |
| 4:02 | Crear | Villager (Male) |
| 4:02 | Crear | Villager (Male) |
| 4:28 | Crear | Villager (Male) |
| 4:28 | Crear | Villager (Male) |
| 4:28 | Crear | Villager (Male) |
| 4:45 | Construir | Mill |
| 5:05 | Crear | Villager (Male) |
| 5:05 | Crear | Villager (Male) |
| 5:05 | Crear | Villager (Male) |
| 5:10 | Construir | House |
| 5:20 | Investigar | Loom |
| 5:20 | Crear | Villager (Male) |
| 5:52 | Crear | Villager (Male) |
| 5:52 | Crear | Villager (Male) |
| 5:52 | Crear | Villager (Male) |
| 6:12 | Crear | Villager (Male) |
| 6:12 | Crear | Villager (Male) |
| 6:12 | Crear | Villager (Male) |
| 6:12 | Crear | Villager (Male) |
| 6:13 | Crear | Villager (Male) |
| 9:27 | Crear | Villager (Male) |
| 9:28 | Crear | Villager (Male) |
| 9:28 | Crear | Villager (Male) |
| 9:28 | Crear | Villager (Male) |
| 9:33 | Investigar | Feudal Age |
| 9:52 | Crear | Villager (Male) |
| 9:52 | Crear | Villager (Male) |
| 9:54 | Crear | Villager (Male) |
| 10:37 | Crear | Villager (Male) |
| 10:47 | Construir | House |
| 11:01 | Construir | Farm |
| 11:10 | Construir | Farm |
| 11:13 | Investigar | Feudal Age |
| 11:26 | Construir | Mining Camp |
| 12:16 | Construir | Mining Camp |
| 12:23 | Crear | Villager (Male) |
| 12:24 | Crear | Villager (Male) |
| 13:23 | Edad | Edad Feudal |
| 13:29 | Construir | Blacksmith |
| 13:38 | Construir | Market |
| 14:03 | Construir | Lumber Camp |
| 14:08 | Construir | Farm |
| 14:12 | Construir | Farm |
| 14:22 | Crear | Villager (Male) |
| 14:31 | Construir | Farm |
| 14:46 | Investigar | Castle Age |
| 15:12 | Crear | Villager (Male) |
| 15:13 | Crear | Villager (Male) |
| 16:32 | Investigar | Double-Bit Axe |
| 16:36 | Investigar | Horse Collar |
| 16:36 | Investigar | Horse Collar |
| 16:36 | Investigar | Horse Collar |
| 16:36 | Investigar | Horse Collar |
| 16:58 | Crear | Villager (Male) |
| 17:27 | Edad | Edad de los Castillos |
| 17:30 | Construir | Town Center |
| 17:35 | Crear | Villager (Male) |
| 17:58 | Construir | Farm |
| 18:06 | Construir | Farm |
| 18:12 | Construir | Farm |
| 18:23 | Crear | Villager (Male) |
| 18:30 | Construir | House |
| 18:54 | Investigar | Heavy Plow |
| 19:07 | Construir | Farm |
| 19:09 | Construir | Farm |
| 19:17 | Construir | Farm |
| 19:21 | Crear | Villager (Male) |
| 19:22 | Crear | Villager (Male) |
| 19:29 | Crear | Villager (Male) |
| 19:59 | Crear | Villager (Male) |
| 20:23 | Construir | Castle |
| 20:32 | Crear | Villager (Male) |
Build order — 连输九天
Primeras 150 de 243 acciones detectadas
| 0:05 | Crear | Villager (Male) |
| 0:05 | Crear | Villager (Male) |
| 0:06 | Construir | House |
| 0:08 | Construir | House |
| 0:09 | Crear | Villager (Male) |
| 0:09 | Crear | Villager (Male) |
| 0:09 | Crear | Villager (Male) |
| 0:09 | Crear | Villager (Male) |
| 1:27 | Crear | Villager (Male) |
| 1:27 | Crear | Villager (Male) |
| 1:27 | Crear | Villager (Male) |
| 1:55 | Construir | Lumber Camp |
| 2:02 | Crear | Villager (Male) |
| 2:03 | Crear | Villager (Male) |
| 2:03 | Crear | Villager (Male) |
| 2:20 | Crear | Villager (Male) |
| 2:20 | Crear | Villager (Male) |
| 2:20 | Crear | Villager (Male) |
| 2:51 | Crear | Villager (Male) |
| 2:51 | Crear | Villager (Male) |
| 2:51 | Crear | Villager (Male) |
| 3:33 | Crear | Villager (Male) |
| 3:34 | Crear | Villager (Male) |
| 3:34 | Crear | Villager (Male) |
| 3:34 | Crear | Villager (Male) |
| 4:04 | Construir | House |
| 4:21 | Crear | Villager (Male) |
| 4:22 | Crear | Villager (Male) |
| 4:22 | Crear | Villager (Male) |
| 5:12 | Crear | Villager (Male) |
| 5:12 | Crear | Villager (Male) |
| 5:12 | Crear | Villager (Male) |
| 6:03 | Crear | Villager (Male) |
| 6:09 | Construir | House |
| 6:16 | Crear | Villager (Male) |
| 6:16 | Crear | Villager (Male) |
| 6:38 | Crear | Villager (Male) |
| 6:39 | Crear | Villager (Male) |
| 6:45 | Construir | Mill |
| 7:24 | Construir | Mining Camp |
| 7:44 | Investigar | Feudal Age |
| 8:54 | Crear | Villager (Male) |
| 8:55 | Crear | Villager (Male) |
| 10:18 | Edad | Edad Feudal |
| 10:21 | Construir | Market |
| 10:24 | Construir | Blacksmith |
| 11:08 | Investigar | Loom |
| 11:15 | Construir | Mining Camp |
| 11:57 | Investigar | Castle Age |
| 11:57 | Investigar | Castle Age |
| 12:48 | Construir | House |
| 14:37 | Edad | Edad de los Castillos |
| 14:44 | Crear | Villager (Male) |
| 14:44 | Crear | Villager (Male) |
| 14:45 | Crear | Villager (Male) |
| 14:45 | Crear | Villager (Male) |
| 14:56 | Construir | Farm |
| 14:57 | Construir | Farm |
| 14:58 | Construir | Farm |
| 15:00 | Construir | Farm |
| 15:13 | Construir | Castle |
| 15:53 | Construir | House |
| 16:48 | Construir | Mill |
| 16:52 | Crear | Unit 1968 |
| 16:52 | Crear | Unit 1968 |
| 16:52 | Crear | Unit 1968 |
| 16:53 | Crear | Unit 1968 |
| 16:56 | Crear | Unit 1968 |
| 16:57 | Crear | Unit 1968 |
| 16:57 | Crear | Unit 1968 |
| 16:57 | Crear | Unit 1968 |
| 17:03 | Crear | Villager (Male) |
| 17:03 | Crear | Villager (Male) |
| 17:09 | Crear | Villager (Male) |
| 17:27 | Crear | Unit 1968 |
| 17:27 | Crear | Unit 1968 |
| 17:27 | Crear | Unit 1968 |
| 18:04 | Investigar | Fletching |
| 18:26 | Crear | Villager (Male) |
| 18:26 | Crear | Villager (Male) |
| 18:31 | Investigar | Double-Bit Axe |
| 18:37 | Crear | Unit 1968 |
| 18:37 | Crear | Unit 1968 |
| 19:02 | Crear | Unit 1968 |
| 19:03 | Crear | Unit 1968 |
| 19:03 | Crear | Unit 1968 |
| 19:05 | Crear | Villager (Male) |
| 19:06 | Crear | Villager (Male) |
| 19:37 | Investigar | Bodkin Arrow |
| 20:08 | Crear | Villager (Male) |
| 20:08 | Crear | Villager (Male) |
| 20:15 | Crear | Unit 1968 |
| 20:15 | Crear | Unit 1968 |
| 20:15 | Crear | Unit 1968 |
| 20:50 | Crear | Unit 1968 |
| 20:51 | Crear | Unit 1968 |
| 20:51 | Crear | Unit 1968 |
| 21:02 | Crear | Villager (Male) |
| 21:02 | Crear | Villager (Male) |
| 21:03 | Crear | Villager (Male) |
| 21:05 | Crear | Villager (Male) |
| 21:48 | Crear | Unit 1968 |
| 21:48 | Crear | Unit 1968 |
| 21:49 | Crear | Unit 1968 |
| 21:49 | Crear | Unit 1968 |
| 21:49 | Crear | Unit 1968 |
| 22:31 | Construir | House |
| 22:31 | Construir | House |
| 22:32 | Construir | House |
| 22:32 | Construir | House |
| 22:32 | Construir | House |
| 22:45 | Crear | Petard |
| 22:49 | Crear | Petard |
| 23:04 | Crear | Villager (Male) |
| 23:04 | Crear | Villager (Male) |
| 23:04 | Crear | Villager (Male) |
| 23:09 | Crear | Villager (Male) |
| 23:34 | Crear | Unit 1968 |
| 23:35 | Crear | Unit 1968 |
| 23:35 | Crear | Unit 1968 |
| 23:35 | Crear | Unit 1968 |
| 23:55 | Crear | Villager (Male) |
| 23:55 | Crear | Villager (Male) |
| 24:23 | Construir | House |
| 24:23 | Construir | House |
| 24:23 | Construir | House |
| 24:23 | Construir | House |
| 24:23 | Construir | House |
| 24:24 | Construir | House |
| 24:24 | Construir | House |
| 24:25 | Construir | House |
| 24:25 | Construir | House |
| 24:53 | Crear | Villager (Male) |
| 24:53 | Crear | Villager (Male) |
| 24:59 | Construir | House |
| 25:00 | Construir | House |
| 25:00 | Construir | House |
| 25:00 | Construir | House |
| 25:00 | Construir | House |
| 25:01 | Construir | House |
| 25:01 | Construir | House |
| 25:01 | Construir | House |
| 25:01 | Construir | House |
| 25:01 | Construir | House |
| 25:26 | Construir | Barracks |
| 25:27 | Construir | Barracks |
| 25:27 | Construir | Barracks |
| 25:27 | Construir | Barracks |
| 25:50 | Crear | Villager (Male) |
| 25:50 | Crear | Villager (Male) |
Build order — mikejbe9
Primeras 150 de 269 acciones detectadas
| 0:03 | Crear | Villager (Male) ×4 |
| 0:05 | Construir | House |
| 0:06 | Construir | House |
| 1:27 | Crear | Villager (Male) |
| 1:27 | Crear | Villager (Male) |
| 1:48 | Construir | Lumber Camp |
| 1:54 | Crear | Villager (Male) |
| 1:54 | Crear | Villager (Male) |
| 1:55 | Crear | Villager (Male) |
| 2:12 | Crear | Villager (Male) |
| 2:12 | Crear | Villager (Male) |
| 2:50 | Crear | Villager (Male) |
| 2:50 | Crear | Villager (Male) |
| 2:50 | Crear | Villager (Male) |
| 3:12 | Crear | Villager (Male) |
| 3:45 | Crear | Villager (Male) |
| 3:45 | Crear | Villager (Male) |
| 3:45 | Crear | Villager (Male) |
| 3:45 | Crear | Villager (Male) |
| 3:46 | Crear | Villager (Male) |
| 3:52 | Construir | House |
| 4:15 | Crear | Villager (Male) |
| 4:15 | Crear | Villager (Male) |
| 4:20 | Construir | Mill |
| 4:23 | Construir | House |
| 4:30 | Crear | Villager (Male) |
| 4:31 | Crear | Villager (Male) |
| 4:31 | Crear | Villager (Male) |
| 4:51 | Crear | Villager (Male) |
| 4:51 | Crear | Villager (Male) |
| 4:51 | Crear | Villager (Male) |
| 4:52 | Crear | Villager (Male) |
| 5:13 | Crear | Villager (Male) |
| 5:13 | Crear | Villager (Male) |
| 5:41 | Crear | Villager (Male) |
| 5:41 | Crear | Villager (Male) |
| 5:42 | Crear | Villager (Male) |
| 6:58 | Crear | Villager (Male) |
| 6:58 | Crear | Villager (Male) |
| 7:27 | Construir | Lumber Camp |
| 7:29 | Crear | Villager (Male) |
| 7:55 | Crear | Villager (Male) |
| 8:05 | Construir | Farm |
| 8:19 | Crear | Villager (Male) |
| 8:20 | Construir | House |
| 8:33 | Construir | Farm |
| 8:44 | Construir | Mining Camp |
| 8:46 | Crear | Villager (Male) |
| 9:15 | Crear | Villager (Male) |
| 9:18 | Investigar | Feudal Age |
| 9:52 | Construir | Mining Camp |
| 11:58 | Crear | Villager (Male) |
| 12:03 | Edad | Edad Feudal |
| 12:03 | Crear | Villager (Male) |
| 12:07 | Construir | Blacksmith |
| 12:10 | Construir | Market |
| 12:48 | Investigar | Double-Bit Axe |
| 13:07 | Investigar | Castle Age |
| 13:07 | Investigar | Castle Age |
| 13:08 | Investigar | Castle Age |
| 13:25 | Construir | Farm |
| 13:28 | Construir | Farm |
| 13:28 | Construir | Farm |
| 13:29 | Construir | Farm |
| 13:31 | Construir | Farm |
| 13:59 | Construir | House |
| 15:15 | Construir | House |
| 15:17 | Construir | House |
| 15:47 | Edad | Edad de los Castillos |
| 16:03 | Construir | Castle |
| 16:10 | Crear | Villager (Male) |
| 16:10 | Crear | Villager (Male) |
| 16:11 | Crear | Villager (Male) |
| 16:18 | Investigar | Loom |
| 16:19 | Crear | Villager (Male) |
| 16:20 | Crear | Villager (Male) |
| 16:32 | Investigar | Stone Mining |
| 16:41 | Construir | Farm |
| 17:02 | Construir | Town Center |
| 17:29 | Crear | Villager (Male) |
| 17:32 | Construir | Farm |
| 17:43 | Investigar | Bow Saw |
| 17:49 | Crear | Villager (Male) |
| 18:07 | Construir | House |
| 18:08 | Construir | House |
| 18:11 | Crear | Villager (Male) |
| 18:13 | Construir | Farm |
| 18:27 | Crear | Villager (Male) |
| 18:32 | Construir | Farm |
| 18:33 | Construir | Farm |
| 18:53 | Crear | Villager (Male) |
| 18:58 | Crear | Villager (Male) |
| 18:58 | Crear | Villager (Male) |
| 19:07 | Construir | House |
| 19:18 | Construir | Farm |
| 19:28 | Crear | Villager (Male) |
| 19:32 | Crear | Villager (Male) |
| 19:46 | Construir | Farm |
| 19:49 | Crear | Villager (Male) |
| 19:53 | Crear | Villager (Male) |
| 19:59 | Construir | Farm |
| 20:21 | Crear | Villager (Male) |
| 20:23 | Crear | Villager (Male) |
| 20:25 | Construir | Farm |
| 20:37 | Crear | Villager (Male) |
| 20:38 | Crear | Villager (Male) |
| 20:49 | Construir | Farm |
| 21:15 | Construir | Farm |
| 21:18 | Crear | Villager (Male) |
| 21:21 | Crear | Villager (Male) |
| 21:39 | Construir | Farm |
| 21:42 | Crear | Villager (Male) |
| 21:52 | Construir | Lumber Camp |
| 22:00 | Crear | Villager (Male) |
| 22:02 | Crear | Villager (Male) |
| 22:03 | Crear | Villager (Male) |
| 22:06 | Construir | Farm |
| 22:09 | Construir | Farm |
| 22:11 | Crear | Villager (Male) |
| 22:16 | Construir | Farm |
| 22:20 | Crear | Villager (Male) |
| 22:31 | Construir | Farm |
| 22:38 | Construir | Farm |
| 22:55 | Construir | Farm |
| 22:56 | Crear | Villager (Male) |
| 23:05 | Construir | Farm |
| 23:07 | Crear | Villager (Male) |
| 23:18 | Construir | Mill |
| 23:21 | Construir | Farm |
| 23:22 | Construir | Farm |
| 23:22 | Construir | Farm |
| 23:27 | Construir | Farm |
| 23:29 | Crear | Villager (Male) |
| 23:31 | Crear | Villager (Male) |
| 23:35 | Construir | Farm |
| 23:47 | Construir | House |
| 23:48 | Construir | House |
| 23:53 | Crear | Villager (Male) |
| 23:57 | Construir | Farm |
| 23:57 | Crear | Villager (Male) |
| 24:03 | Construir | Farm |
| 24:06 | Crear | Villager (Male) |
| 24:09 | Construir | Farm |
| 24:14 | Construir | Farm |
| 24:16 | Crear | Villager (Male) |
| 24:19 | Crear | Villager (Male) |
| 24:26 | Construir | House |
| 24:33 | Crear | Villager (Male) |
| 24:33 | Crear | Villager (Male) |
| 24:38 | Construir | Farm |
Cronología de la partida
| 10:18 | 连输九天 · age_up feudal |
| 10:51 | 千里冰河 · age_up feudal |
| 10:52 | Warcry · age_up feudal |
| 10:59 | i dont carryyy · age_up feudal |
| 11:22 | Manco Polo · age_up feudal |
| 12:03 | mikejbe9 · age_up feudal |
| 12:45 | GuilleGodoy95 · age_up feudal |
| 13:23 | << BJP IT CELL >>InderDace · age_up feudal |
| 14:37 | 连输九天 · age_up castle |
| 14:37 | 千里冰河 · age_up castle |
| 14:38 | i dont carryyy · age_up castle |
| 14:56 | Manco Polo · age_up castle |
| 15:08 | 千里冰河 · first_building Monastery |
| 15:13 | 连输九天 · first_building Castle |
| 15:21 | Manco Polo · first_market_buy 100 stone |
| 15:26 | GuilleGodoy95 · age_up castle |
| 15:32 | Warcry · age_up castle |
| 15:35 | Warcry · first_building Castle |
| 15:43 | GuilleGodoy95 · first_building Stable |
| 15:47 | mikejbe9 · age_up castle |
| 15:56 | 千里冰河 · first_market_sell 100 stone |
| 16:03 | mikejbe9 · first_building Castle |
| 16:11 | Warcry · first_market_sell 100 wood |
| 16:55 | Manco Polo · first_building Monastery |
| 17:27 | << BJP IT CELL >>InderDace · age_up castle |
| 17:37 | Warcry · first_building Siege Workshop |
| 17:46 | GuilleGodoy95 · first_building Castle |
| 18:19 | Warcry · first_market_buy 100 food |
| 19:02 | i dont carryyy · first_market_buy 100 food |
| 20:23 | << BJP IT CELL >>InderDace · first_building Castle |
| 21:29 | GuilleGodoy95 · first_building Siege Workshop |
| 22:13 | << BJP IT CELL >>InderDace · resign |
| 23:28 | Manco Polo · first_building Castle |
| 23:46 | Warcry · wall_segment Stone Wall x1 |
| 24:28 | Warcry · first_building Barracks |
| 24:43 | Warcry · first_building Monastery |
| 25:26 | 连输九天 · first_building Barracks |
| 25:31 | i dont carryyy · first_building Monastery |
| 26:09 | i dont carryyy · first_building Barracks |
| 26:09 | Manco Polo · first_building Barracks |
| 26:44 | Manco Polo · first_building Siege Workshop |
| 27:13 | 千里冰河 · first_building Castle |
| 27:51 | i dont carryyy · first_building Siege Workshop |
| 27:57 | i dont carryyy · first_building Stable |
| 28:21 | Manco Polo · first_building Archery Range |
| 28:23 | 千里冰河 · wall_segment Stone Wall x1 |
| 28:42 | 千里冰河 · first_building Barracks |
| 28:51 | 千里冰河 · first_building Krepost |
| 28:59 | GuilleGodoy95 · wall_segment Palisade Wall x1 |
| 29:00 | GuilleGodoy95 · wall_segment Palisade Wall x1 |
| 29:01 | Manco Polo · age_up imperial |
| 29:07 | GuilleGodoy95 · wall_segment Palisade Wall x13 |
| 29:20 | mikejbe9 · age_up imperial |
| 29:21 | 千里冰河 · age_up imperial |
| 29:42 | i dont carryyy · first_building Castle |
| 29:43 | i dont carryyy · age_up imperial |
| 29:53 | 千里冰河 · first_building Stable |
| 30:16 | mikejbe9 · first_market_sell 100 wood |
| 30:59 | GuilleGodoy95 · wall_segment Palisade Wall x3 |
| 31:02 | GuilleGodoy95 · wall_segment Palisade Wall x6 |
| 31:44 | GuilleGodoy95 · wall_segment Palisade Wall x9 |
| 35:26 | i dont carryyy · first_market_sell 100 food |
| 36:48 | GuilleGodoy95 · age_up imperial |
[ ANÁLISIS IA · 1 CRÉDITO ]
¿Qué pasó realmente en esta partida?
Wolo.gg analiza cada decisión: build order, eco, micro, errores típicos por bracket. Análisis personalizado por WhatsApp o Discord en 30 segundos.
Guía civ
Búlgaros
Perfil
Jugador #7581794